 Dungeon Crawl Stone Soup version bcrawl-1.13.1 (webtiles) character file.

Game seed: 15642527842405065437

110 Revguard the Ducker (level 4, 0/33 HPs)
             Began as a Demonspawn Archaeologist on Aug 5, 2019.
             Killed by divine providence
             ... invoked by an orc priest
              (12 damage)
             ... on level 3 of the Dungeon.
             The game lasted 00:08:15 (2311 turns).

Revguard the Ducker (Demonspawn Archaeologist)      Turns: 2311, Time: 00:08:16

Health: 0/33       AC: 11    Str: 12 (13) XL:     4   Next: 61%
Magic:  4/4        EV:  9    Int: 14 (15) God:
Gold:   184        SH:  0    Dex: 10 (11) Spells: 3/3 levels left

rFire    . . .     SeeInvis .   n - +0 mace
rCold    . . .     Gourm    .   (no shield)
rNeg     . . .     Faith    .   o - +1 scale mail
rPois    .         Spirit   .   c - +1 hat
rElec    .         Reflect  .   (no cloak)
rCorr    .         Harm     .   h - +0 pair of gloves {archery}
MR       .....                  d - +1 pair of boots
Stlth    +.........             (no amulet)
HPRegen  0.11/turn              (no ring)
MPRegen  0.09/turn              (no ring)

@: studying Maces & Flails
A: talons 2, blink, screaming 1, rot immunity
a: Blink


You were on level 3 of the Dungeon.
You were not hungry.

You visited 1 branch of the dungeon, and saw 3 of its levels.

You collected 184 gold pieces.

Inventory:

Hand Weapons
 a - a +0 whip
 j - a +0 short sword
 n - a +0 mace (weapon)
Armour
 c - a +1 hat (worn)
 d - a +1 pair of boots (worn)
 h - a +0 pair of gloves of archery (worn)
 o - a +1 scale mail (worn)
Scrolls
 i - 2 scrolls of remove curse
Potions
 b - a potion of curing {unknown}
Books
 e - a manual of Maces & Flails
Miscellaneous
 f - an ancient crate
Comestibles
 g - 6 rations {!d}


   Skills:
 * Level 2.1 Fighting
 - Level 0.2 Short Blades
 * Level 3.2 Maces & Flails
 * Level 1.6 Armour
 + Level 3.2 Dodging
 - Level 3.0 Stealth


You had 3 spell levels left.
You didn't know any spells.
Your spell library was empty.

Dungeon Overview and Level Annotations

Branches:
Dungeon (3/12)

Altars:


Innate Abilities, Weirdness & Mutations

You have razor-sharp toenails.
You are immune to rotting.
You can translocate small distances at will.
You occasionally shout uncontrollably at your foes.


Message History

You are too injured to fight recklessly!
You are too injured to fight recklessly!
You are too injured to fight recklessly!
You are too injured to fight recklessly!
You are too injured to fight recklessly!
You are too injured to fight recklessly!
You are too injured to fight recklessly!
You are too injured to fight recklessly!
You are too injured to fight recklessly!
You are too injured to fight recklessly!
You are too injured to fight recklessly!
You are too injured to fight recklessly!
Okay, then.
The bat misses you. The bat hits you but does no damage.
The orc barely misses you. The bat hits you but does no damage.
The orc hits you. The bat closely misses you.
The orc priest invokes the aid of Beogh against you.
Beogh smites you!
You die...

#..# #. #..#.#.
###..#.#.##
#..<.......
#.####.#..# #.# #.#..#
#.# #.#gr# #.#
#.#oo########.
######)#
#.#..b@.......
.....^.#
#.#..####.##..
######.# #.#.........
#.# #.#......... #.#
#.##.####.#. ######.#
#...........
.......#####.....###..
######.....รท......#
#######.........


You could see an orc priest, an orc (berserk), a hobgoblin and a bat.

Vanquished Creatures
  A worker ant (D:2)
  An adder (D:3)
  3 worms (D:2)
  A dart slug (D:1)
  3 leopard geckos
  3 orcs (D:3)
  3 bats (D:1)
  3 giant cockroaches
  9 goblins
  4 hobgoblins (D:2)
  3 jackals (D:1)
  A ball python (D:3)
  4 frilled lizards
  12 kobolds
  12 rats
63 creatures vanquished.

Notes
Turn   | Place    | Note
-------+----------+-------------------------------------------
     0 | D:1      | Revguard the Demonspawn Archaeologist began the quest for
                  | the Orb.
     0 | D:1      | Reached XP level 1. HP: 15/15 MP: 1/1
    45 | D:1      | Reached skill level 1 in Maces & Flails
    71 | D:1      | Gained mutation: You are immune to rotting. [demonic
                  | ancestry]
    71 | D:1      | Reached XP level 2. HP: 3/21 MP: 2/2
   633 | D:1      | Gained mutation: You have sharp toenails. [demonic
                  | ancestry]
   633 | D:1      | Reached XP level 3. HP: 20/27 MP: 3/3
  1001 | D:2      | Gained mutation: You occasionally shout uncontrollably at
                  | your foes. [potion of mutation]
  1001 | D:2      | Gained mutation: You can translocate small distances at
                  | will. [potion of mutation]
  1318 | D:2      | Reached skill level 1 in Armour
  1646 | D:2      | Gained mutation: You have razor-sharp toenails. [demonic
                  | ancestry]
  1646 | D:2      | Reached XP level 4. HP: 30/33 MP: 4/4
  2311 | D:3      | Killed from afar by an orc priest

Skill      XL: |  1  2  3  4 |
---------------+-------------+-----
Maces & Flails | 1 2 3 |  3.2
Dodging        | 3 |  3.2
Armour         | 1 |  1.6
Fighting       | 2 |  2.1
Short Blades   | |  0.2
Stealth        | |  3.0

Action                   |  1- 3 |  4- 6 || total
-------------------------+-------+-------++-------
Melee: Whip              |    24 |       ||    24
       Short sword       |    67 |       ||    67
       Mace              |    97 |    54 ||   151
 Abil: Blink             |     2 |       ||     2
  Use: Potion            |     2 |     2 ||     4
       Scroll            |       |     6 ||     6
 Stab: Sleeping          |     1 |       ||     1
  Eat: Chunk             |     3 |     2 ||     5
Armor: Robe              |    40 |       ||    40
       Scale mail        |    78 |    40 ||   118
       Skin              |       |    22 ||    22
Dodge: Dodged            |   169 |    40 ||   209
